 Dungeon Crawl Stone Soup version 0.23-a0-386-g9c9d49f (webtiles) character file.

54 Cryolive the Digger (level 3, -1/19 HPs)
             Began as a Gargoyle Earth Elementalist on Oct 28, 2018.
             Slain by a hobgoblin (3 damage)
             ... on level 2 of the Dungeon.
             The game lasted 00:05:47 (2217 turns).

Cryolive the Digger (Gargoyle Earth Elementalist)   Turns: 2217, Time: 00:05:48

Health: -1/19      AC:  5    Str: 11    XL:     3   Next: 91%
Magic:  6/7        EV: 12    Int: 18    God:
Gold:   73         SH:  0    Dex: 10    Spells: 3/7 levels left

rFire    . . .     SeeInvis .   i - +2 dagger (protect)
rCold    . . .     Gourm    .   (no shield)
rNeg     + . .     Faith    .   c - +0 robe
rPois    ∞         Spirit   .   (no helmet)
rElec    +         Reflect  .   (no cloak)
rCorr    .         Harm     .   (no gloves)
MR       .....                  (no boots)
Stlth    +++.......             (no amulet)
HPRegen  0.06/turn              h - ring of stealth
MPRegen  0.10/turn              l - +2 ring of intelligence

@: no status effects
A: negative energy resistance 1, electricity resistance, unbreathing,
petrification resistance, rot immunity, AC +3
a: no special abilities


You were on level 2 of the Dungeon.
You were hungry.

You visited 1 branch of the dungeon, and saw 2 of its levels.

You collected 73 gold pieces.

Inventory:

Hand Weapons
 i - a +2 dagger of protection (weapon)
Missiles
 b - 37 stones (quivered)
Armour
 c - a +0 robe (worn)
Jewellery
 h - a ring of stealth (left hand)
 l - a +2 ring of intelligence (right hand)
Scrolls
 a - 4 scrolls of identify {unknown}
 e - a scroll of immolation {unknown}
 g - a scroll of teleportation {unknown}
Potions
 f - 2 potions of heal wounds {unknown}
 j - a potion of agility
Comestibles
 d - 5 rations
 k - 3 chunks of flesh


   Skills:
 - Level 1.5 Dodging
 - Level 2.1 Stealth
 + Level 2.9 Spellcasting
 + Level 1.0 Conjurations
   Level 0.7 Transmutations
 + Level 4.6 Earth Magic


You had 3 spell levels left.
You knew the following spells:

 Your Spells              Type           Power        Failure   Level  Hunger
a - Sandblast             Erth           ###...       2%          1    None
b - Stone Arrow           Conj/Erth      ##....       16%         3    ###....

Your spell library contained the following spells:

 Spells                   Type           Power        Failure   Level  Hunger
 Passwall                 Tmut/Erth      ##......     9%          2    ##.....
 Petrify                  Tmut/Erth      ##......     47%         4    ####...
 Lee's Rapid Deconstruct  Erth           ###.......   56%         5    ######.


Dungeon Overview and Level Annotations

Branches:
Dungeon (2/15)

Altars:


Innate Abilities, Weirdness & Mutations

You are resistant to torment.
Your stone body is resilient. (AC +3)
You are immune to poison.
You resist negative energy. (rN+)
You are resistant to electric shocks. (rElec)
You can survive without breathing.
You are immune to petrification.
You are immune to rotting.


Message History

The hobgoblin barely misses you.
The hobgoblin hits you but does no damage.
You closely miss the hobgoblin. The hobgoblin closely misses you.
The hobgoblin hits you.
* * * LOW HITPOINT WARNING * * *
You closely miss the hobgoblin. The hobgoblin barely misses you.
The hobgoblin hits you.
* * * LOW HITPOINT WARNING * * *
You miss the hobgoblin. The hobgoblin misses you.
The hobgoblin closely misses you.
Casting: Sandblast (safe; 2% risk of failure)
Confirm with . or Enter, or press ? or * to list all spells.
Aiming: Sandblast (safe; 2% risk of failure)
Press: ? - help, Shift-Dir - straight line, f - hobgoblin
Aim: a hobgoblin, wielding a +0 club and wearing a +0 robe (unusually agile)
The blast of sand hits the hobgoblin.
You kill the hobgoblin!
b - 37 stones The hobgoblin hits you.
You die...

.........†<.#
#....≈.≈..≈........
.############
#≈≈≈≈≈≈≈≈≈≈≈.÷##### .#
#≈≈≈≈≈≈≈≈≈≈≈≈...# .####
#%.≈≈≈≈≈≈≈≈≈.≈#.# ....#
#.≈≈≈≈.♣≈≈≈≈≈.#.# .##.#
##≈≈≈≈≈._♣≈≈≈≈.# # .##.######
#...≈≈≈≈≈≈≈≈≈..#
.##.##...#####.g.≈≈≈≈≈≈≈≈≈≈.#
...............)@≈≈≈≈≈≈≈≈≈≈.#
#................≈≈≈≈≈≈≈≈
#.#.###.####.>.≈≈≈≈.≈≈≈≈≈
#.#(# #.# ##..≈≈≈.......
#.#.# #.# #...#.######## #
#.# #.# #..#..#.# #.# #.#
#.###.##.. #. ..# #. ..# ##


You could see a hobgoblin.

Vanquished Creatures
  An adder (D:2)
  An ooze (D:1)
  A leopard gecko (D:2)
  8 bats
  A giant cockroach (D:1)
  5 goblins
  3 hobgoblins
  4 jackals (D:1)
  2 frilled lizards
  9 kobolds
  4 rats
39 creatures vanquished.

Notes
Turn   | Place    | Note
-------+----------+-------------------------------------------
     0 | D:1      | Cryolive the Gargoyle Earth Elementalist began the quest
                  | for the Orb.
     0 | D:1      | Reached XP level 1. HP: 10/10 MP: 3/3
   247 | D:1      | Reached XP level 2. HP: 6/15 MP: 0/5
   257 | D:1      | Reached skill level 4 in Earth Magic
   962 | D:1      | Reached XP level 3. HP: 5/19 MP: 1/6
   968 | D:1      | Learned a level 3 spell: Stone Arrow
  2056 | D:2      | Found a faded altar of an unknown god.
  2150 | D:2      | Reached skill level 1 in Conjurations
  2217 | D:2      | Slain by a hobgoblin

Vault maps used:
D:1:      sevenhm_arrival_forest_fort_small_3, feat_on_display
D:2:      chequers_ecumenical_altar_island

Skill      XL: |  1  2  3 |
---------------+----------+-----
Earth Magic    | 4 |  4.6
Conjurations   | 1 |  1.0
Dodging        | |  1.5
Stealth        | |  2.1
Spellcasting   | |  2.9
Transmutations | |  0.7

Action                   || total
-------------------------++-------
Melee: Unarmed           ||   140
       Dagger            ||    60
 Cast: Sandblast         ||    15
 Stab: Sleeping          ||     9
  Eat: Chunk             ||     4
Armor: Robe              ||   103
Dodge: Dodged            ||   190

Table legend:
 A = Non-vault XP
 B = Vault XP
 C = Vault XP percentage of total XP
 D = Non-vault monster count
 E = Vault monster count
 F = Vault count percentage of total count
                 A         B        C        D         E       F
            +---------+---------+-------+---------+---------+-------
      Total |      78 |       0 |   0.0 |      39 |       0 |   0.0
            +---------+---------+-------+---------+---------+-------
        D:1 |      52 |       0 |   0.0 |      30 |       0 |   0.0
        D:2 |      26 |       0 |   0.0 |       9 |       0 |   0.0
            +---------+---------+-------+---------+---------+-------
